Staline vs Harfangs
(R2)
Created - 3 mai 2015 at 19:11
Goals
|
| Staline |
1 |
0 |
0 |
1 |
| Harfangs |
3 |
0 |
1 |
4 |
|
Shots
|
| Staline |
13 |
12 |
6 |
31 |
| Harfangs |
19 |
8 |
11 |
38 |
|
1st period
1. Harfangs , Stefan Ruzicka 9 (Chris Kreider, Petri Kontiola) at 2:46 (PP)
2. Staline , Jared Boll 4 (Andrei Loktionov, Pierre-Luc Létourneau) at 4:57
3. Harfangs , Chris Kreider 18 (Stefan Ruzicka, Alexandre Picard) at 10:21
4. Harfangs , Craig Smith 4 (Brian Lashoff, Roman Wick) at 19:19
Penalties :
Torey Krug (StJ) for Hooking (Minor) at 2:33
2nd period
No Goal
Penalties :
Andrew Orpik (BEA) for Slashing (Minor) at 6:06, Kyle Palmieri (BEA) for Interference (Minor) at 11:00
3rd period
5. Harfangs , Stefan Ruzicka 10 (Chris Kreider, Petri Kontiola) at 7:57
Penalties :
Nick Spaling (StJ) for Hooking (Minor) at 10:26, James Sheppard (StJ) for High sticking (Minor) at 16:04
Goalie Stats
Tobias Stephan (StJ), 34 saves from 38 shots - (0,895), L, 7-4-0, 60:00 minutes
Peter Budaj (BEA), 30 saves from 31 shots - (0,968), W, 4-0-0, 60:00 minutes
Players Stats for Staline
Player Name G A P +/- PIM S H SB GA TA FO MP PP MP PK MP
------------------------------------------------------------------------------------
Andrei Loktionov 0 1 1 1 0 2 4 0 0 0 7/14 15:43 1:44 0:39
Danny Kristo 0 0 0 -1 0 0 0 0 0 0 0/0 10:46 0:05 0:00
Devin Setoguchi 0 0 0 -2 0 3 2 1 1 0 0/3 21:13 2:09 2:07
J.T. Wyman 0 0 0 0 0 0 1 1 1 0 0/0 11:37 0:05 0:00
James Sheppard 0 0 0 -1 2 2 0 2 0 0 0/0 10:19 0:00 0:00
Jared Boll 1 0 1 1 0 1 3 1 0 0 2/2 14:45 1:44 0:00
Mason Raymond 0 0 0 -2 0 3 2 0 0 0 2/2 20:25 1:44 1:43
Mathieu Perreault 0 0 0 -1 0 3 0 0 0 0 2/4 10:02 0:00 0:00
Michael Del Zotto 0 0 0 1 0 1 1 0 2 1 0/0 24:48 2:32 0:00
Nick Spaling 0 0 0 1 2 2 0 1 1 0 0/0 15:58 2:09 0:30
Peter Mueller 0 0 0 0 0 5 2 2 0 0 2/5 12:43 0:05 1:06
Pierre-Luc Létourneau 0 1 1 0 0 0 1 0 1 0 0/0 11:05 0:00 0:12
Stu Bickel 0 0 0 -3 0 1 2 2 0 0 0/0 19:28 0:00 2:32
T.J. Fast 0 0 0 1 0 1 1 0 0 1 0/0 27:10 2:32 2:32
Theo Peckham 0 0 0 0 0 2 0 0 0 0 0/0 14:18 0:00 1:39
Torey Krug 0 0 0 0 2 0 1 1 0 2 0/0 15:43 1:26 1:39
Tyler Cuma 0 0 0 -3 0 1 1 3 0 2 0/0 18:32 1:26 0:00
Yan Stastny 0 0 0 -2 0 4 3 1 1 0 15/31 21:11 2:09 2:05
Players Stats for Harfangs
Player Name G A P +/- PIM S H SB GA TA FO MP PP MP PK MP
------------------------------------------------------------------------------------
Alex Killorn 0 0 0 0 0 1 0 1 0 0 5/13 16:22 1:48 1:08
Alexandre Picard 0 1 1 1 0 6 0 2 2 1 0/0 27:42 2:22 2:20
Andrew Orpik 0 0 0 1 2 4 0 1 1 1 0/0 27:04 2:22 1:04
Brett Carson 0 0 0 1 0 3 0 1 0 2 0/0 19:51 1:49 2:06
Brian Lashoff 0 1 1 0 0 0 1 0 0 1 0/0 15:42 0:00 2:06
Chris Kreider 1 2 3 2 0 3 4 0 1 0 0/0 21:12 2:04 0:56
Craig Smith 1 0 1 0 0 4 1 0 1 0 6/10 14:24 0:25 0:48
Drew Shore 0 0 0 0 0 0 0 1 0 0 0/4 7:43 0:00 0:00
Dustin Jeffrey 0 0 0 0 0 2 1 0 1 0 0/0 7:43 0:00 0:00
Kyle Palmieri 0 0 0 0 2 0 1 0 0 0 0/0 15:44 1:48 0:00
Mike Hoffman 0 0 0 0 0 0 1 0 0 1 0/0 8:11 0:25 0:00
Peter Olvecky 0 0 0 0 0 1 2 0 0 0 0/0 16:22 1:48 1:08
Petri Kontiola 0 2 2 2 0 1 0 0 0 0 20/31 21:39 1:58 2:02
Roman Wick 0 1 1 0 0 2 1 0 0 0 0/0 11:50 0:00 0:00
Sasha Pokulok 0 0 0 0 0 2 1 0 0 0 0/0 13:11 0:00 0:16
Stefan Ruzicka 2 1 3 2 0 5 0 1 0 0 0/2 19:29 1:58 0:00
Tomas Tatar 0 0 0 0 0 3 0 0 0 1 0/1 14:43 0:19 1:54
Victor Bartley 0 0 0 1 0 1 0 1 0 0 0/0 17:08 1:49 0:04
3 Stars
1 - Stefan Ruzicka (BEA)
2 - Chris Kreider (BEA)
3 - Peter Budaj (BEA)
Power Play
Staline - 0 on 2 Attempt(s) - 0,00%
Harfangs - 1 on 3 Attempt(s) - 33,33%
Penalty Kill
Staline - 2 on 3 Attempt(s) - 66,67%
- Score 0 goal in Penalty Kill
Harfangs - 2 on 2 Attempt(s) - 100,00%
- Score 0 goal in Penalty Kill
Team Stat
Staline - Hits : 24 - Faceoff Wins : 30 - Blocked Shots : 15 - Penalty Minutes : 6
Harfangs - Hits : 13 - Faceoff Wins : 31 - Blocked Shots : 8 - Penalty Minutes : 4
Official
Referees : Morton Dean and Kimmerly Greg
Linesman : David Brisebois and Steve Miller
Game Notes
No Game Note
Finance
Level 1 -- Attendance: 2000 (100,00%) -- Ticket Income 60 000 $
Level 2 -- Attendance: 1000 (100,00%) -- Ticket Income 15 000 $
Total Attendance: 3000 (100,00%)
Total Ticket Income: 75 000 $
Other Income: 3 750 $
Total Income: 78 750 $
Staline
5 vs 5 Forward
Center Left Wing Right Wing Time % Phy DF OF
1 Yan Stastny Mason Raymond Devin Setoguchi 40 1 2 2
2 Andrei Loktionov Nick Spaling Jared Boll 30 1 2 2
3 Peter Mueller Pierre-Luc Létourneau J.T. Wyman 20 1 2 2
4 Mathieu Perreault James Sheppard Danny Kristo 10 1 2 2
5 vs 5 Defense
Defense Defense Time % Phy DF OF
1 T.J. Fast Michael Del Zotto 40 1 2 2
2 Tyler Cuma Stu Bickel 30 1 2 2
3 Torey Krug Theo Peckham 20 1 2 2
4 T.J. Fast Michael Del Zotto 10 1 2 2
PowerPlay Forward
Center Left Wing Right Wing Time % Phy DF OF
1 Yan Stastny Nick Spaling Devin Setoguchi 60 1 2 2
2 Andrei Loktionov Mason Raymond Jared Boll 40 1 2 2
PowerPlay Defense
Defense Defense Time % Phy DF OF
1 T.J. Fast Michael Del Zotto 60 1 2 2
2 Tyler Cuma Torey Krug 40 1 2 2
Penalty Kill 4 Players Forward
Center Wing Time % Phy DF OF
1 Yan Stastny Devin Setoguchi 60 1 2 2
2 Andrei Loktionov Mason Raymond 40 1 2 2
Penalty Kill 4 Players Defense
Defense Defense Time % Phy DF OF
1 T.J. Fast Stu Bickel 60 1 2 2
2 Theo Peckham Torey Krug 40 1 2 2
Penalty Kill - 3 Players Forward
Forward Time % Phy DF OF
1 Yan Stastny 60 1 2 2
2 Andrei Loktionov 40 1 2 2
Penalty Kill - 3 Players Defense
Defense Defense Time % Phy DF OF
1 T.J. Fast Stu Bickel 60 1 2 2
2 Theo Peckham Torey Krug 40 1 2 2
4 vs 4 Forward
Center Wing Time % Phy DF OF
1 Yan Stastny Devin Setoguchi 60 1 2 2
2 Andrei Loktionov Mason Raymond 40 1 2 2
4 vs 4 Defense
Defense Defense Time % Phy DF OF
1 T.J. Fast Michael Del Zotto 60 1 2 2
2 Theo Peckham Stu Bickel 40 1 2 2
Last Minutes Offensive
Center Left Wing Right Wing Defense Defense
Yan Stastny Nick Spaling Devin Setoguchi T.J. Fast Michael Del Zotto
Last Minutes Defensive
Center Left Wing Right Wing Defense Defense
Yan Stastny Mason Raymond Devin Setoguchi T.J. Fast Stu Bickel
Goaltenders
Starting : Tobias Stephan
Backup : Martin Houle
Extra Forwards
Normal : Peter Mueller, J.T. Wyman, Nick Spaling - PP : Peter Mueller, J.T. Wyman - PK : Nick Spaling
Extra Defensemen
Normal : Tyler Cuma, Michael Del Zotto, Torey Krug - PP : Tyler Cuma - PK : Michael Del Zotto, Torey Krug
Penalty Shots
Pierre-Luc Létourneau, Devin Setoguchi, Yan Stastny, Mason Raymond, Andrei Loktionov
Harfangs
5 vs 5 Forward
Center Left Wing Right Wing Time % Phy DF OF
1 Petri Kontiola Chris Kreider Stefan Ruzicka 40 0 0 5
2 Alex Killorn Peter Olvecky Kyle Palmieri 30 0 0 5
3 Craig Smith Tomas Tatar Roman Wick 20 0 0 5
4 Drew Shore Dustin Jeffrey Mike Hoffman 10 0 0 5
5 vs 5 Defense
Defense Defense Time % Phy DF OF
1 Alexandre Picard Andrew Orpik 40 0 2 3
2 Brett Carson Victor Bartley 30 0 2 3
3 Sasha Pokulok Brian Lashoff 20 0 3 2
4 Alexandre Picard Andrew Orpik 10 0 2 3
PowerPlay Forward
Center Left Wing Right Wing Time % Phy DF OF
1 Petri Kontiola Chris Kreider Stefan Ruzicka 60 0 0 5
2 Alex Killorn Peter Olvecky Kyle Palmieri 40 0 0 5
PowerPlay Defense
Defense Defense Time % Phy DF OF
1 Alexandre Picard Andrew Orpik 60 0 2 3
2 Brett Carson Victor Bartley 40 0 2 3
Penalty Kill 4 Players Forward
Center Wing Time % Phy DF OF
1 Petri Kontiola Tomas Tatar 60 0 5 0
2 Alex Killorn Peter Olvecky 40 0 5 0
Penalty Kill 4 Players Defense
Defense Defense Time % Phy DF OF
1 Andrew Orpik Alexandre Picard 60 0 5 0
2 Brett Carson Brian Lashoff 40 0 5 0
Penalty Kill - 3 Players Forward
Forward Time % Phy DF OF
1 Petri Kontiola 60 0 5 0
2 Alex Killorn 40 0 5 0
Penalty Kill - 3 Players Defense
Defense Defense Time % Phy DF OF
1 Andrew Orpik Alexandre Picard 60 0 5 0
2 Brett Carson Brian Lashoff 40 0 5 0
4 vs 4 Forward
Center Wing Time % Phy DF OF
1 Petri Kontiola Chris Kreider 60 0 0 5
2 Alex Killorn Stefan Ruzicka 40 0 0 5
4 vs 4 Defense
Defense Defense Time % Phy DF OF
1 Alexandre Picard Andrew Orpik 60 0 2 3
2 Victor Bartley Brett Carson 40 0 3 2
Last Minutes Offensive
Center Left Wing Right Wing Defense Defense
Petri Kontiola Chris Kreider Stefan Ruzicka Alexandre Picard Andrew Orpik
Last Minutes Defensive
Center Left Wing Right Wing Defense Defense
Petri Kontiola Chris Kreider Stefan Ruzicka Andrew Orpik Alexandre Picard
Goaltenders
Starting : Peter Budaj
Backup : Darcy Kuemper
Extra Forwards
Normal : Alex Killorn, Chris Kreider, Petri Kontiola - PP : Chris Kreider, Petri Kontiola - PK : Petri Kontiola
Extra Defensemen
Normal : Brian Lashoff, Andrew Orpik, Alexandre Picard - PP : Victor Bartley - PK : Brian Lashoff, Alexandre Picard
Penalty Shots
Petri Kontiola, Craig Smith, Chris Kreider, Peter Olvecky, Alexandre Picard
% Time on Ice - Staline
Lines # - Real PCT - Wanted PCT - Time Play
Normal Forward
1 - 35% - 40% - 17:55
2 - 25% - 30% - 13:01
3 - 21% - 20% - 10:53
4 - 19% - 10% - 10:02
Normal Defense
1 - 38% - 40% - 19:36
2 - 34% - 30% - 17:24
3 - 24% - 20% - 12:21
4 - 5% - 10% - 2:30
PP Forward
1 - 56% - 60% - 2:14
2 - 44% - 40% - 1:44
PP Defense
1 - 64% - 60% - 2:32
2 - 36% - 40% - 1:26
PK Forward
1 - 88% - 60% - 3:40
2 - 12% - 40% - 0:31
PK Defense
1 - 61% - 60% - 2:32
2 - 39% - 40% - 1:39
PK3 Forward
1 - 0% - 60%
2 - 0% - 40%
PK3 Defense
1 - 0% - 60%
2 - 0% - 40%
44 Forward
1 - 0% - 60%
2 - 0% - 40%
44 Defense
1 - 0% - 60%
2 - 0% - 40%
Last Minute Offensive - 0:00
Last Minute Defensive - 0:00
Total
Forward - 60:00
Defense - 60:00
|
% Time on Ice - Harfangs
Lines # - Real PCT - Wanted PCT - Time Play
Normal Forward
1 - 36% - 40% - 18:52
2 - 26% - 30% - 13:26
3 - 23% - 20% - 11:50
4 - 15% - 10% - 7:43
Normal Defense
1 - 38% - 40% - 19:57
2 - 31% - 30% - 16:17
3 - 24% - 20% - 12:29
4 - 6% - 10% - 3:08
PP Forward
1 - 57% - 60% - 2:23
2 - 43% - 40% - 1:48
PP Defense
1 - 57% - 60% - 2:22
2 - 43% - 40% - 1:49
PK Forward
1 - 71% - 60% - 2:50
2 - 29% - 40% - 1:08
PK Defense
1 - 66% - 60% - 2:36
2 - 34% - 40% - 1:22
PK3 Forward
1 - 0% - 60%
2 - 0% - 40%
PK3 Defense
1 - 0% - 60%
2 - 0% - 40%
44 Forward
1 - 0% - 60%
2 - 0% - 40%
44 Defense
1 - 0% - 60%
2 - 0% - 40%
Last Minute Offensive - 0:00
Last Minute Defensive - 0:00
Total
Forward - 60:00
Defense - 60:00
|
Play by Play
1st period
0:01 of 1st period - Yan Stastny wins face-off versus Petri Kontiola in neutral zone.
0:26 of 1st period - Peter Olvecky is hit by Jared Boll and loses puck.
0:45 of 1st period - Slapshot by Peter Mueller.
0:45 of 1st period - Stopped by Peter Budaj with a rebound.
1:25 of 1st period - Brett Carson is hit by Tyler Cuma.
1:51 of 1st period - Icing by Stefan Ruzicka.
1:52 of 1st period - Andrei Loktionov wins face-off versus Alex Killorn in Harfangs zone.
2:07 of 1st period - Snap shot by Nick Spaling.
2:07 of 1st period - Stopped by Peter Budaj with a rebound.
2:19 of 1st period - Slapshot by Craig Smith.
2:19 of 1st period - Shot Misses the Net.
2:25 of 1st period - Slapshot by Roman Wick.
2:25 of 1st period - Shot Blocked by Peter Mueller.
2:33 of 1st period - Minor Penalty to Torey Krug for Hooking.
2:34 of 1st period - Petri Kontiola wins face-off versus Yan Stastny in Staline zone.
2:44 of 1st period - Slapshot by Stefan Ruzicka.
2:44 of 1st period - Shot Blocked by Stu Bickel.
2:46 of 1st period - Wrist shot by Stefan Ruzicka.
2:46 of 1st period - Goal by Stefan Ruzicka - Staline : 0 - Harfangs : 1.
2:47 of 1st period - Yan Stastny wins face-off versus Petri Kontiola in neutral zone.
3:40 of 1st period - Andrei Loktionov is hit by Peter Olvecky and loses puck.
4:00 of 1st period - Icing by Jared Boll.
4:01 of 1st period - Andrei Loktionov wins face-off versus Drew Shore in Staline zone.
4:20 of 1st period - Victor Bartley is hit by Stu Bickel and loses puck.
4:57 of 1st period - Snap shot by Jared Boll.
4:57 of 1st period - Goal by Jared Boll - Staline : 1 - Harfangs : 1.
4:58 of 1st period - Petri Kontiola wins face-off versus Yan Stastny in neutral zone.
5:13 of 1st period - Wrist shot by Mason Raymond.
5:13 of 1st period - Stopped by Peter Budaj with a rebound.
5:23 of 1st period - Jared Boll is hit by Peter Olvecky and loses puck.
5:28 of 1st period - Snap shot by Peter Olvecky.
5:28 of 1st period - Shot Misses the Net.
5:30 of 1st period - Snap shot by Peter Olvecky.
5:30 of 1st period - Stopped by Tobias Stephan with a rebound.
5:32 of 1st period - Slapshot by Victor Bartley.
5:32 of 1st period - Shot Misses the Net.
5:34 of 1st period - Slapshot by Victor Bartley.
5:34 of 1st period - Stopped by Tobias Stephan without a rebound.
5:35 of 1st period - Craig Smith wins face-off versus Yan Stastny in Staline zone.
5:40 of 1st period - Slapshot by Craig Smith.
5:40 of 1st period - Deflect By Roman Wick.
5:40 of 1st period - Stopped by Tobias Stephan without a rebound.
5:41 of 1st period - Craig Smith wins face-off versus Yan Stastny in Staline zone.
5:46 of 1st period - Slapshot by Alexandre Picard.
5:46 of 1st period - Stopped by Tobias Stephan with a rebound.
5:48 of 1st period - Slapshot by Andrew Orpik.
5:48 of 1st period - Shot Misses the Net.
6:06 of 1st period - Wrist shot by Peter Mueller.
6:06 of 1st period - Shot Blocked by Alexandre Picard.
6:16 of 1st period - Wrist shot by Pierre-Luc Létourneau.
6:16 of 1st period - Deflect By J.T. Wyman.
6:16 of 1st period - Shot Misses the Net.
6:16 of 1st period - Puck is out of play.
6:17 of 1st period - Alex Killorn wins face-off versus Andrei Loktionov in Harfangs zone.
6:17 of 1st period - Alex Killorn is hit by Andrei Loktionov.
6:29 of 1st period - Snap shot by Peter Olvecky.
6:29 of 1st period - Shot Blocked by Jared Boll.
6:31 of 1st period - Slapshot by Sasha Pokulok.
6:31 of 1st period - Stopped by Tobias Stephan with a rebound.
7:04 of 1st period - Wrist shot by Tomas Tatar.
7:04 of 1st period - Stopped by Tobias Stephan with a rebound.
7:06 of 1st period - Slapshot by Alexandre Picard.
7:06 of 1st period - Stopped by Tobias Stephan with a rebound.
7:08 of 1st period - Slapshot by Alexandre Picard.
7:08 of 1st period - Stopped by Tobias Stephan with a rebound.
7:10 of 1st period - Snap shot by Tomas Tatar.
7:10 of 1st period - Stopped by Tobias Stephan without a rebound.
7:11 of 1st period - Yan Stastny wins face-off versus Alex Killorn in Staline zone.
7:22 of 1st period - Snap shot by Mason Raymond.
7:22 of 1st period - Stopped by Peter Budaj without a rebound.
7:23 of 1st period - Petri Kontiola wins face-off versus Andrei Loktionov in Harfangs zone.
7:23 of 1st period - Petri Kontiola is hit by Jared Boll.
7:35 of 1st period - Wrist shot by Nick Spaling.
7:35 of 1st period - Shot Blocked by Alexandre Picard.
8:10 of 1st period - Off-side.
8:11 of 1st period - Craig Smith wins face-off versus Peter Mueller in neutral zone.
8:39 of 1st period - Wrist shot by Devin Setoguchi.
8:39 of 1st period - Stopped by Peter Budaj with a rebound.
9:25 of 1st period - Snap shot by Dustin Jeffrey.
9:25 of 1st period - Shot Blocked by Torey Krug.
9:51 of 1st period - Andrew Orpik is hit by J.T. Wyman and loses puck.
9:55 of 1st period - Icing by Tomas Tatar.
9:56 of 1st period - Yan Stastny wins face-off versus Craig Smith in Harfangs zone.
10:03 of 1st period - Snap shot by Craig Smith.
10:03 of 1st period - Deflect By Roman Wick.
10:03 of 1st period - Shot Misses the Net.
10:03 of 1st period - Puck is out of play.
10:04 of 1st period - Petri Kontiola wins face-off versus Devin Setoguchi in Staline zone.
10:05 of 1st period - Slapshot by Chris Kreider.
10:05 of 1st period - Deflect By Petri Kontiola.
10:05 of 1st period - Shot Misses the Net.
10:05 of 1st period - Puck is out of play.
10:06 of 1st period - Yan Stastny wins face-off versus Petri Kontiola in Staline zone.
10:21 of 1st period - Wrist shot by Chris Kreider.
10:21 of 1st period - Goal by Chris Kreider - Staline : 1 - Harfangs : 2.
10:22 of 1st period - Petri Kontiola wins face-off versus Andrei Loktionov in neutral zone.
10:29 of 1st period - Snap shot by Chris Kreider.
10:29 of 1st period - Shot Blocked by Nick Spaling.
10:31 of 1st period - Snap shot by Alexandre Picard.
10:31 of 1st period - Stopped by Tobias Stephan without a rebound.
10:32 of 1st period - Jared Boll wins face-off versus Petri Kontiola in Staline zone.
10:32 of 1st period - Jared Boll is hit by Chris Kreider.
11:08 of 1st period - Wrist shot by Stefan Ruzicka.
11:08 of 1st period - Stopped by Tobias Stephan with a rebound.
11:10 of 1st period - Wrist shot by Andrew Orpik.
11:10 of 1st period - Stopped by Tobias Stephan with a rebound.
11:12 of 1st period - Wrist shot by Stefan Ruzicka.
11:12 of 1st period - Shot Misses the Net.
11:14 of 1st period - Slapshot by Alexandre Picard.
11:14 of 1st period - Stopped by Tobias Stephan without a rebound.
11:15 of 1st period - Yan Stastny wins face-off versus Alex Killorn in Staline zone.
12:05 of 1st period - Slapshot by Peter Mueller.
12:05 of 1st period - Stopped by Peter Budaj without a rebound.
12:06 of 1st period - Petri Kontiola wins face-off versus Peter Mueller in Harfangs zone.
12:11 of 1st period - Slapshot by Peter Mueller.
12:11 of 1st period - Stopped by Peter Budaj with a rebound.
12:13 of 1st period - Slapshot by Theo Peckham.
12:13 of 1st period - Shot Misses the Net.
12:15 of 1st period - Snap shot by Peter Mueller.
12:15 of 1st period - Stopped by Peter Budaj without a rebound.
12:16 of 1st period - Petri Kontiola wins face-off versus Yan Stastny in Harfangs zone.
12:23 of 1st period - Yan Stastny is hit by Chris Kreider and loses puck.
12:34 of 1st period - Stefan Ruzicka is hit by Yan Stastny and loses puck.
12:55 of 1st period - Wrist shot by Andrei Loktionov.
12:55 of 1st period - Stopped by Peter Budaj with a rebound.
13:35 of 1st period - Snap shot by Peter Olvecky.
13:35 of 1st period - Shot Misses the Net.
14:11 of 1st period - Wrist shot by Andrei Loktionov.
14:11 of 1st period - Shot Blocked by Andrew Orpik.
14:17 of 1st period - Wrist shot by Andrei Loktionov.
14:17 of 1st period - Stopped by Peter Budaj without a rebound.
14:18 of 1st period - Petri Kontiola wins face-off versus Devin Setoguchi in Harfangs zone.
14:43 of 1st period - Peter Olvecky is hit by Andrei Loktionov and loses puck.
15:52 of 1st period - Slapshot by Devin Setoguchi.
15:52 of 1st period - Stopped by Peter Budaj without a rebound.
15:53 of 1st period - Yan Stastny wins face-off versus Petri Kontiola in Harfangs zone.
16:02 of 1st period - Devin Setoguchi is hit by Chris Kreider and loses puck.
16:43 of 1st period - Wrist shot by Mason Raymond.
16:43 of 1st period - Stopped by Peter Budaj with a rebound.
16:45 of 1st period - Slapshot by T.J. Fast.
16:45 of 1st period - Deflect By Mason Raymond.
16:45 of 1st period - Shot Blocked by Stefan Ruzicka.
16:45 of 1st period - Puck is out of play.
16:46 of 1st period - Andrei Loktionov wins face-off versus Alex Killorn in Harfangs zone.
16:59 of 1st period - Wrist shot by Andrew Orpik.
16:59 of 1st period - Stopped by Tobias Stephan with a rebound.
17:01 of 1st period - Slapshot by Alexandre Picard.
17:01 of 1st period - Shot Misses the Net.
17:38 of 1st period - Snap shot by Brett Carson.
17:38 of 1st period - Stopped by Tobias Stephan without a rebound.
17:39 of 1st period - Alex Killorn wins face-off versus Andrei Loktionov in Staline zone.
17:40 of 1st period - Wrist shot by Peter Olvecky.
17:40 of 1st period - Shot Blocked by Tyler Cuma.
17:54 of 1st period - Snap shot by Peter Olvecky.
17:54 of 1st period - Shot Blocked by Tyler Cuma.
18:04 of 1st period - Petri Kontiola is hit by Yan Stastny and loses puck.
18:19 of 1st period - Slapshot by Roman Wick.
18:19 of 1st period - Deflect By Craig Smith.
18:19 of 1st period - Shot Misses the Net.
18:19 of 1st period - Puck is out of play.
18:20 of 1st period - Peter Mueller wins face-off versus Craig Smith in Staline zone.
18:27 of 1st period - Wrist shot by Peter Mueller.
18:27 of 1st period - Shot Misses the Net.
18:55 of 1st period - Sasha Pokulok is hit by Mason Raymond and loses puck.
19:19 of 1st period - Slapshot by Craig Smith.
19:19 of 1st period - Goal by Craig Smith - Staline : 1 - Harfangs : 3.
19:20 of 1st period - Petri Kontiola wins face-off versus Yan Stastny in neutral zone.
19:23 of 1st period - Snap shot by Andrew Orpik.
19:23 of 1st period - Stopped by Tobias Stephan without a rebound.
19:24 of 1st period - Petri Kontiola wins face-off versus Yan Stastny in Staline zone.
Goals for this period are 1 for Staline vs 3 for Harfangs.
Shots for this period are 13 for Staline vs 19 for Harfangs.
2nd period
0:01 of 2nd period - Yan Stastny wins face-off versus Petri Kontiola in neutral zone.
0:08 of 2nd period - Wrist shot by Yan Stastny.
0:08 of 2nd period - Shot Misses the Net.
0:10 of 2nd period - Snap shot by Michael Del Zotto.
0:10 of 2nd period - Shot Misses the Net.
0:12 of 2nd period - Snap shot by Yan Stastny.
0:12 of 2nd period - Stopped by Peter Budaj with a rebound.
0:14 of 2nd period - Slapshot by Michael Del Zotto.
0:14 of 2nd period - Shot Misses the Net.
0:16 of 2nd period - Snap shot by Yan Stastny.
0:16 of 2nd period - Stopped by Peter Budaj with a rebound.
1:34 of 2nd period - Snap shot by James Sheppard.
1:34 of 2nd period - Stopped by Peter Budaj without a rebound.
1:35 of 2nd period - Yan Stastny wins face-off versus Petri Kontiola in Harfangs zone.
1:42 of 2nd period - Slapshot by Yan Stastny.
1:42 of 2nd period - Shot Misses the Net.
1:48 of 2nd period - Wrist shot by Devin Setoguchi.
1:48 of 2nd period - Stopped by Peter Budaj with a rebound.
1:50 of 2nd period - Wrist shot by Devin Setoguchi.
1:50 of 2nd period - Shot Misses the Net.
3:08 of 2nd period - Off-side.
3:09 of 2nd period - Peter Mueller wins face-off versus Stefan Ruzicka in neutral zone.
3:23 of 2nd period - Slapshot by Stefan Ruzicka.
3:23 of 2nd period - Shot Misses the Net.
3:25 of 2nd period - Snap shot by Petri Kontiola.
3:25 of 2nd period - Deflect By Pierre-Luc Létourneau.
3:25 of 2nd period - Shot Misses the Net.
3:25 of 2nd period - Puck is out of play.
3:26 of 2nd period - Craig Smith wins face-off versus Yan Stastny in Staline zone.
3:29 of 2nd period - Snap shot by Craig Smith.
3:29 of 2nd period - Stopped by Tobias Stephan with a rebound.
3:31 of 2nd period - Wrist shot by Roman Wick.
3:31 of 2nd period - Stopped by Tobias Stephan without a rebound.
3:32 of 2nd period - Craig Smith wins face-off versus Yan Stastny in Staline zone.
3:33 of 2nd period - Snap shot by Tomas Tatar.
3:33 of 2nd period - Stopped by Tobias Stephan with a rebound.
3:35 of 2nd period - Snap shot by Andrew Orpik.
3:35 of 2nd period - Stopped by Tobias Stephan without a rebound.
3:36 of 2nd period - Yan Stastny wins face-off versus Craig Smith in Staline zone.
3:59 of 2nd period - Wrist shot by Roman Wick.
3:59 of 2nd period - Shot Blocked by Yan Stastny.
4:11 of 2nd period - Snap shot by Tomas Tatar.
4:11 of 2nd period - Deflect By Yan Stastny.
4:11 of 2nd period - Shot Blocked by Devin Setoguchi.
4:11 of 2nd period - Puck is out of play.
4:12 of 2nd period - Petri Kontiola wins face-off versus Andrei Loktionov in Staline zone.
5:23 of 2nd period - Wrist shot by Chris Kreider.
5:23 of 2nd period - Stopped by Tobias Stephan without a rebound.
5:24 of 2nd period - Petri Kontiola wins face-off versus Yan Stastny in Staline zone.
5:51 of 2nd period - Alex Killorn is hit by Andrei Loktionov and loses puck.
6:06 of 2nd period - Minor Penalty to Andrew Orpik for Slashing.
6:07 of 2nd period - Petri Kontiola wins face-off versus Yan Stastny in Harfangs zone.
6:07 of 2nd period - Petri Kontiola is hit by T.J. Fast.
6:21 of 2nd period - Slapshot by Michael Del Zotto.
6:21 of 2nd period - Shot Misses the Net.
7:24 of 2nd period - Alex Killorn is hit by Andrei Loktionov and loses puck.
8:06 of 2nd period - Penalty to Andrew Orpik is over, Andrew Orpik is back on ice.
8:42 of 2nd period - Snap shot by Craig Smith.
8:42 of 2nd period - Shot Misses the Net.
8:44 of 2nd period - Snap shot by Craig Smith.
8:44 of 2nd period - Stopped by Tobias Stephan without a rebound.
8:45 of 2nd period - Yan Stastny wins face-off versus Alex Killorn in Staline zone.
8:52 of 2nd period - Slapshot by Devin Setoguchi.
8:52 of 2nd period - Deflect By Mason Raymond.
8:52 of 2nd period - Shot Misses the Net.
8:52 of 2nd period - Puck is out of play.
8:53 of 2nd period - Alex Killorn wins face-off versus Yan Stastny in Harfangs zone.
8:53 of 2nd period - Alex Killorn is hit by Devin Setoguchi.
9:21 of 2nd period - Slapshot by Stefan Ruzicka.
9:21 of 2nd period - Shot Misses the Net.
10:29 of 2nd period - Wrist shot by Danny Kristo.
10:29 of 2nd period - Shot Misses the Net.
10:31 of 2nd period - Backhand shot by T.J. Fast.
10:31 of 2nd period - Stopped by Peter Budaj without a rebound.
10:32 of 2nd period - Andrei Loktionov wins face-off versus Stefan Ruzicka in Harfangs zone.
10:33 of 2nd period - Backhand shot by Nick Spaling.
10:33 of 2nd period - Stopped by Peter Budaj without a rebound.
10:34 of 2nd period - Andrei Loktionov wins face-off versus Petri Kontiola in Harfangs zone.
11:00 of 2nd period - Minor Penalty to Kyle Palmieri for Interference.
11:01 of 2nd period - Petri Kontiola wins face-off versus Yan Stastny in Harfangs zone.
13:00 of 2nd period - Penalty to Kyle Palmieri is over, Kyle Palmieri is back on ice.
14:06 of 2nd period - Snap shot by Dustin Jeffrey.
14:06 of 2nd period - Stopped by Tobias Stephan without a rebound.
14:07 of 2nd period - Mason Raymond wins face-off versus Drew Shore in Staline zone.
14:07 of 2nd period - Mason Raymond is hit by Dustin Jeffrey.
14:12 of 2nd period - Off-side.
14:13 of 2nd period - Alex Killorn wins face-off versus Andrei Loktionov in neutral zone.
14:39 of 2nd period - Snap shot by Stefan Ruzicka.
14:39 of 2nd period - Shot Misses the Net.
14:46 of 2nd period - Off-side.
14:47 of 2nd period - Yan Stastny wins face-off versus Tomas Tatar in neutral zone.
15:18 of 2nd period - Slapshot by J.T. Wyman.
15:18 of 2nd period - Deflect By Peter Mueller.
15:18 of 2nd period - Stopped by Peter Budaj with a rebound.
15:20 of 2nd period - Slapshot by Tyler Cuma.
15:20 of 2nd period - Stopped by Peter Budaj without a rebound.
15:21 of 2nd period - Petri Kontiola wins face-off versus Andrei Loktionov in Harfangs zone.
15:51 of 2nd period - Slapshot by Pierre-Luc Létourneau.
15:51 of 2nd period - Shot Misses the Net.
16:37 of 2nd period - Wrist shot by Mathieu Perreault.
16:37 of 2nd period - Stopped by Peter Budaj without a rebound.
16:38 of 2nd period - Andrei Loktionov wins face-off versus Alex Killorn in Harfangs zone.
16:53 of 2nd period - Snap shot by Alex Killorn.
16:53 of 2nd period - Shot Misses the Net.
17:14 of 2nd period - Yan Stastny is hit by Craig Smith and loses puck.
17:28 of 2nd period - Icing by Sasha Pokulok.
17:29 of 2nd period - Mathieu Perreault wins face-off versus Craig Smith in Harfangs zone.
17:30 of 2nd period - Slapshot by Michael Del Zotto.
17:30 of 2nd period - Stopped by Peter Budaj without a rebound.
17:31 of 2nd period - Mathieu Perreault wins face-off versus Petri Kontiola in Harfangs zone.
17:34 of 2nd period - Snap shot by James Sheppard.
17:34 of 2nd period - Stopped by Peter Budaj with a rebound.
17:53 of 2nd period - Icing by T.J. Fast.
17:54 of 2nd period - Alex Killorn wins face-off versus Mathieu Perreault in Staline zone.
17:59 of 2nd period - Slapshot by Kyle Palmieri.
17:59 of 2nd period - Shot Blocked by James Sheppard.
18:01 of 2nd period - Wrist shot by Kyle Palmieri.
18:01 of 2nd period - Shot Misses the Net.
18:03 of 2nd period - Wrist shot by Alex Killorn.
18:03 of 2nd period - Stopped by Tobias Stephan with a rebound.
18:05 of 2nd period - Snap shot by Kyle Palmieri.
18:05 of 2nd period - Shot Misses the Net.
18:07 of 2nd period - Slapshot by Brett Carson.
18:07 of 2nd period - Deflect By Alex Killorn.
18:07 of 2nd period - Shot Misses the Net.
18:07 of 2nd period - Puck is out of play.
18:08 of 2nd period - Petri Kontiola wins face-off versus Yan Stastny in Staline zone.
18:19 of 2nd period - Wrist shot by Yan Stastny.
18:19 of 2nd period - Stopped by Peter Budaj without a rebound.
18:20 of 2nd period - Mason Raymond wins face-off versus Petri Kontiola in Harfangs zone.
18:47 of 2nd period - Kyle Palmieri is hit by Michael Del Zotto and loses puck.
19:18 of 2nd period - Snap shot by Pierre-Luc Létourneau.
19:18 of 2nd period - Shot Misses the Net.
19:24 of 2nd period - J.T. Wyman is hit by Roman Wick and loses puck.
Goals for this period are 0 for Staline vs 0 for Harfangs.
Shots for this period are 12 for Staline vs 8 for Harfangs.
3rd period
0:01 of 3rd period - Petri Kontiola wins face-off versus Devin Setoguchi in neutral zone.
0:50 of 3rd period - Slapshot by Craig Smith.
0:50 of 3rd period - Shot Misses the Net.
0:52 of 3rd period - Slapshot by Sasha Pokulok.
0:52 of 3rd period - Stopped by Tobias Stephan with a rebound.
0:54 of 3rd period - Wrist shot by Roman Wick.
0:54 of 3rd period - Shot Hit the Post.
0:56 of 3rd period - Slapshot by Sasha Pokulok.
0:56 of 3rd period - Shot Blocked by Peter Mueller.
1:16 of 3rd period - T.J. Fast is hit by Sasha Pokulok and loses puck.
2:41 of 3rd period - Wrist shot by Craig Smith.
2:41 of 3rd period - Stopped by Tobias Stephan with a rebound.
2:43 of 3rd period - Snap shot by Drew Shore.
2:43 of 3rd period - Shot Misses the Net.
2:45 of 3rd period - Slapshot by Alexandre Picard.
2:45 of 3rd period - Stopped by Tobias Stephan with a rebound.
4:22 of 3rd period - Wrist shot by Mathieu Perreault.
4:22 of 3rd period - Deflect By Alex Killorn.
4:22 of 3rd period - Stopped by Peter Budaj with a rebound.
4:30 of 3rd period - Danny Kristo is hit by Kyle Palmieri and loses puck.
5:12 of 3rd period - Roman Wick is hit by Pierre-Luc Létourneau and loses puck.
5:27 of 3rd period - Brett Carson is hit by Mason Raymond and loses puck.
6:32 of 3rd period - Slapshot by Theo Peckham.
6:32 of 3rd period - Stopped by Peter Budaj with a rebound.
6:34 of 3rd period - Slapshot by Theo Peckham.
6:34 of 3rd period - Stopped by Peter Budaj without a rebound.
6:35 of 3rd period - Petri Kontiola wins face-off versus Yan Stastny in Harfangs zone.
6:35 of 3rd period - Petri Kontiola is hit by Devin Setoguchi.
6:43 of 3rd period - Snap shot by Stefan Ruzicka.
6:43 of 3rd period - Stopped by Tobias Stephan without a rebound.
6:44 of 3rd period - Yan Stastny wins face-off versus Petri Kontiola in Staline zone.
6:53 of 3rd period - Wrist shot by Yan Stastny.
6:53 of 3rd period - Stopped by Peter Budaj with a rebound.
7:20 of 3rd period - Wrist shot by Mason Raymond.
7:20 of 3rd period - Shot Misses the Net.
7:28 of 3rd period - Slapshot by Stefan Ruzicka.
7:28 of 3rd period - Shot Blocked by Tyler Cuma.
7:30 of 3rd period - Slapshot by Alexandre Picard.
7:30 of 3rd period - Shot Misses the Net.
7:42 of 3rd period - Stefan Ruzicka is hit by Yan Stastny and loses puck.
7:49 of 3rd period - Wrist shot by Stefan Ruzicka.
7:49 of 3rd period - Stopped by Tobias Stephan with a rebound.
7:51 of 3rd period - Snap shot by Petri Kontiola.
7:51 of 3rd period - Stopped by Tobias Stephan with a rebound.
7:53 of 3rd period - Slapshot by Brett Carson.
7:53 of 3rd period - Stopped by Tobias Stephan with a rebound.
7:55 of 3rd period - Snap shot by Petri Kontiola.
7:55 of 3rd period - Deflect By Chris Kreider.
7:55 of 3rd period - Stopped by Tobias Stephan with a rebound.
7:57 of 3rd period - Snap shot by Stefan Ruzicka.
7:57 of 3rd period - Goal by Stefan Ruzicka - Staline : 1 - Harfangs : 4.
7:58 of 3rd period - Andrei Loktionov wins face-off versus Alex Killorn in neutral zone.
8:11 of 3rd period - Slapshot by Michael Del Zotto.
8:11 of 3rd period - Shot Misses the Net.
8:13 of 3rd period - Wrist shot by Nick Spaling.
8:13 of 3rd period - Shot Misses the Net.
8:28 of 3rd period - Off-side.
8:29 of 3rd period - Craig Smith wins face-off versus Peter Mueller in neutral zone.
9:01 of 3rd period - Slapshot by Dustin Jeffrey.
9:01 of 3rd period - Shot Blocked by J.T. Wyman.
9:07 of 3rd period - Slapshot by Michael Del Zotto.
9:07 of 3rd period - Shot Blocked by Drew Shore.
10:26 of 3rd period - Minor Penalty to Nick Spaling for Hooking.
10:27 of 3rd period - Yan Stastny wins face-off versus Alex Killorn in Staline zone.
10:38 of 3rd period - Slapshot by Devin Setoguchi.
10:38 of 3rd period - Shot Misses the Net.
10:40 of 3rd period - Slapshot by Stu Bickel.
10:40 of 3rd period - Stopped by Peter Budaj with a rebound.
10:42 of 3rd period - Backhand shot by Yan Stastny.
10:42 of 3rd period - Shot Blocked by Alex Killorn.
11:36 of 3rd period - Andrew Orpik is hit by Peter Mueller and loses puck.
12:26 of 3rd period - Penalty to Nick Spaling is over, Nick Spaling is back on ice.
12:36 of 3rd period - Slapshot by T.J. Fast.
12:36 of 3rd period - Shot Misses the Net.
13:24 of 3rd period - Brett Carson is hit by Jared Boll and loses puck.
13:58 of 3rd period - Slapshot by Tyler Cuma.
13:58 of 3rd period - Shot Blocked by Brett Carson.
14:00 of 3rd period - Snap shot by Michael Del Zotto.
14:00 of 3rd period - Shot Blocked by Victor Bartley.
14:40 of 3rd period - Andrew Orpik is hit by Peter Mueller.
15:26 of 3rd period - Theo Peckham is hit by Chris Kreider and loses puck.
16:04 of 3rd period - Minor Penalty to James Sheppard for High sticking.
16:05 of 3rd period - Petri Kontiola wins face-off versus Yan Stastny in Staline zone.
16:08 of 3rd period - Slapshot by Petri Kontiola.
16:08 of 3rd period - Shot Hit the Post.
16:10 of 3rd period - Snap shot by Brett Carson.
16:10 of 3rd period - Shot Misses the Net.
16:12 of 3rd period - Wrist shot by Petri Kontiola.
16:12 of 3rd period - Shot Misses the Net.
16:14 of 3rd period - Slapshot by Brett Carson.
16:14 of 3rd period - Stopped by Tobias Stephan with a rebound.
16:40 of 3rd period - Slapshot by Victor Bartley.
16:40 of 3rd period - Shot Blocked by Stu Bickel.
17:24 of 3rd period - Kyle Palmieri is hit by Stu Bickel and loses puck.
18:04 of 3rd period - Penalty to James Sheppard is over, James Sheppard is back on ice.
18:19 of 3rd period - Snap shot by Craig Smith.
18:19 of 3rd period - Shot Blocked by James Sheppard.
18:21 of 3rd period - Snap shot by Tomas Tatar.
18:21 of 3rd period - Deflect By Torey Krug.
18:21 of 3rd period - Shot Misses the Net.
18:21 of 3rd period - Puck is out of play.
18:22 of 3rd period - Jared Boll wins face-off versus Drew Shore in Staline zone.
18:22 of 3rd period - Jared Boll is hit by Brian Lashoff.
18:38 of 3rd period - Wrist shot by Dustin Jeffrey.
18:38 of 3rd period - Shot Misses the Net.
19:10 of 3rd period - Snap shot by Mathieu Perreault.
19:10 of 3rd period - Shot Misses the Net.
19:12 of 3rd period - Snap shot by Mathieu Perreault.
19:12 of 3rd period - Stopped by Peter Budaj without a rebound.
19:13 of 3rd period - Petri Kontiola wins face-off versus Mathieu Perreault in Harfangs zone.
19:13 of 3rd period - Petri Kontiola is hit by Torey Krug.
19:39 of 3rd period - Torey Krug is hit by Mike Hoffman and loses puck.
19:44 of 3rd period - Wrist shot by Dustin Jeffrey.
19:44 of 3rd period - Stopped by Tobias Stephan without a rebound.
19:45 of 3rd period - Yan Stastny wins face-off versus Drew Shore in Staline zone.
Goals for this period are 0 for Staline vs 1 for Harfangs.
Shots for this period are 6 for Staline vs 11 for Harfangs.
Output by the SimonT Hockey Simulator (STHS) for François Prévost -- Original Page W3C XHTML 1.0 Valid